 Dungeon Crawl Stone Soup version 0.24-a0-378-g94936e539c (webtiles) character file.

Game seed: 14013224657170981880

261 Mithandil the Skirmisher (level 6, 0/56 HPs)
             Began as a Hill Orc Berserker on June 2, 2019.
             Was a Priest of Trog.
             Slain by Blork the orc
             ... wielding a +5 scimitar of holy wrath
              (7 damage)
             ... on level 4 of the Dungeon.
             The game lasted 00:24:46 (3773 turns).

Mithandil the Skirmisher (Hill Orc Berserker)       Turns: 3773, Time: 00:24:48

Health: 0/56       AC:  6    Str: 22    XL:     6   Next: 18%
Magic:  6/6        EV: 11    Int:  7    God:    Trog [***...]
Gold:   113        SH:  0    Dex: 10    Spells: 5/5 levels left

rFire    . . .     SeeInvis .   b - +0 scythe
rCold    . . .     Gourm    .   (shield currently unavailable)
rNeg     . . .     Faith    .   l - +0 leather armour
rPois    .         Spirit   .   (no helmet)
rElec    .         Reflect  .   (no cloak)
rCorr    .         Harm     .   (no gloves)
MR       ++...                  k - +2 pair of boots
Stlth    +.........             (no amulet)
HPRegen  1.18/turn              (no ring)
MPRegen  0.10/turn              (no ring)

@: regenerating
A: no striking features
a: Berserk, Trog's Hand, Renounce Religion


You were on level 4 of the Dungeon.
You worshipped Trog.
Trog was most pleased with you.
You were not hungry.

You visited 1 branch of the dungeon, and saw 5 of its levels.

You collected 113 gold pieces.

Inventory:

Hand Weapons
 a - a +0 spear
 b - a +0 scythe (weapon)
Missiles
 d - 4 silver boomerangs (quivered)
 e - 92 stones
Armour
 k - a +2 pair of boots (worn)
 l - a +0 leather armour (worn)
Scrolls
 g - 2 scrolls of remove curse
 n - a scroll of identify
Potions
 f - a potion of lignification {unknown}
 h - a potion of might
 i - a potion of flight
 m - a potion of cancellation {unknown}
Comestibles
 c - 3 rations


   Skills:
 + Level 5.5 Fighting
 + Level 5.0 Polearms
 + Level 4.3 Armour
 - Level 1.5 Dodging


You had 5 spell levels left.
You didn't know any spells.
Your spell library was empty.

Dungeon Overview and Level Annotations

Branches:
Dungeon (5/15)
 Temple: D:4-7

Altars:
Cheibriados
Xom

Annotations:
D:3 3 runed translucent doors, M4edhros's ghost, weakling OpNe
D:4 Blork the orc


Message History

Attack whom?
Press: ? - help, Dir - move target cursor, f/p - Blork the orc
Aim: Blork the orc, wielding a +5 scimitar of holy wrath, wearing a +0 robe and carrying a wand of flame (7) (fast)
You closely miss Blork the orc. Blork the orc barely misses you. x2
Attack whom?
Press: ? - help, Dir - move target cursor, f/p - Blork the orc
Aim: Blork the orc, wielding a +5 scimitar of holy wrath, wearing a +0 robe and carrying a wand of flame (7) (fast)
You slash Blork the orc!
Blork the orc is heavily wounded.
Blork the orc barely misses you.
Blork the orc zaps a wand.
The puff of flame hits you!
* * * LOW HITPOINT WARNING * * *
Your skin crawls.
You feel resistant to hostile enchantments.
You feel somewhat more hungry. Blork the orc casts a spell at you.
The puff of frost hits you.
* * * LOW HITPOINT WARNING * * *
Blork the orc hits you with a +5 scimitar of holy wrath!
You die...

.##.# .##.# #{#.# .##.#
#.#.# .##.# ..... ....#
#.#.# .#..####### #.#.#
..[.......## #.#.# #
##.####....###.#.####....
##.# #........o@>......#
##.# ##...#####.######.#
##.# ##### #.# #.# #.#
#.# ..# ..# ###


You could see Blork the orc.

Vanquished Creatures
  A hound (D:5)
  A centaur skeleton (D:4)
  Natasha (thrice) (D:3)
  4 adders
  2 oozes
  2 worms
  11 bats
  4 giant cockroaches
  8 goblins
  12 hobgoblins
  8 jackals
  4 ball pythons
  5 frilled lizards
  6 kobolds
  6 rats
77 creatures vanquished.

Notes
Turn   | Place    | Note
-------+----------+-------------------------------------------
     0 | D:1      | Mithandil the Hill Orc Berserker began the quest for the
                  | Orb.
     0 | D:1      | Reached XP level 1. HP: 19/19 MP: 1/1
    84 | D:1      | Reached XP level 2. HP: 20/27 MP: 2/2
   436 | D:1      | Reached ** piety under Trog
   561 | D:1      | Reached XP level 3. HP: 30/33 MP: 3/3
   947 | D:2      | Found a snail-covered altar of Cheibriados.
  1162 | D:5      | Entered Level 5 of the Dungeon
  1356 | D:2      | Reached XP level 4. HP: 37/41 MP: 4/4
  1978 | D:3      | Found a shimmering altar of Xom.
  2299 | D:3      | Found a runed translucent gate.
  2299 | D:3      | Found a runed translucent gate.
  2299 | D:3      | Found a runed translucent gate.
  2299 | D:3      | Noticed M4edhros's ghost (weakling OpNe)
  2300 | D:3      | Noticed a big kobold
  2305 | D:3      | Noticed a big kobold
  2309 | D:3      | Identified the +3 whip "Ryluf" {chaos, rElec}
  2309 | D:3      | Noticed a big kobold
  2520 | D:3      | Noticed Natasha
  2531 | D:3      | Killed Natasha
  2531 | D:3      | Reached *** piety under Trog
  2531 | D:3      | Reached skill level 5 in Fighting
  2531 | D:3      | Reached XP level 5. HP: 25/48 MP: 5/5
  2756 | D:3      | Noticed Natasha
  2775 | D:3      | Killed Natasha
  2994 | D:3      | Noticed Natasha
  3005 | D:3      | Killed Natasha
  3345 | D:4      | Reached XP level 6. HP: 6/56 MP: 6/6
  3571 | D:4      | Noticed Blork the orc
  3582 | D:5      | Reached skill level 5 in Polearms
  3773 | D:4      | Slain by Blork the orc

Levels and vault maps discovered:
D:1:      lemuel_arrival_muddy, layout_rooms
D:2:      layout_basic, cheibriados_altar_1
D:3:      layout_loops_ring, overflow_temple_1_default, first_ration,
          gammafunk_ghost_nasty_kobolds, dk_noncrumbling_4,
          minmay_misc_feat_pillars, uniq_natasha
D:4:      layout_loops_ring, nicolae_overflow_crystal_walls, marbit_many_paths,
          uniq_blork_the_orc
D:5:      layout_loops_corners, okawaru_metal_pillars_1_2, kennysheep_little_box

Skill      XL: |  1  2  3  4  5  6 |
---------------+-------------------+-----
Fighting       | 4 5 |  5.5
Armour         | 3 4 |  4.3
Polearms       | 4 5 |  5.0
Dodging        | |  1.5

Action                   |  1- 3 |  4- 6 || total
-------------------------+-------+-------++-------
Melee: Spear             |   161 |   175 ||   336
       Scythe            |       |     5 ||     5
Invok: Trog's Hand       |       |     3 ||     3
  Use: Scroll            |     3 |     2 ||     5
 Stab: Sleeping          |     3 |       ||     3
  Eat: Chunk             |     2 |     2 ||     4
       Ration            |       |     2 ||     2
Armor: Animal skin       |    33 |    25 ||    58
       Leather armour    |       |    19 ||    19
Dodge: Dodged            |    73 |   121 ||   194

Table legend:
 A = Non-vault XP
 B = Vault XP
 C = Vault XP percentage of total XP
 D = Non-vault monster count
 E = Vault monster count
 F = Vault count percentage of total count
                 A         B        C        D         E       F
            +---------+---------+-------+---------+---------+-------
      Total |     337 |      37 |   9.9 |      76 |       1 |   1.3
            +---------+---------+-------+---------+---------+-------
        D:1 |      44 |       0 |   0.0 |      25 |       0 |   0.0
        D:2 |      51 |       0 |   0.0 |      22 |       0 |   0.0
        D:3 |     137 |      37 |  21.3 |      22 |       1 |   4.3
        D:4 |      62 |       0 |   0.0 |       6 |       0 |   0.0
        D:5 |      43 |       0 |   0.0 |       1 |       0 |   0.0
            +---------+---------+-------+---------+---------+-------
